 Dungeon Crawl Stone Soup version 0.18.1-50-g88ac8fd (webtiles) character file.

179665 Amnesiac the Hand of Fortune (level 18, -2/98 HPs)
             Began as a Vine Stalker Fighter on Mar 10, 2018.
             Was the Champion of Nemelex Xobeh.
             Slain by a reaper
             ... wielding a +1 scythe of flaming
              (21 damage)
             ... in the Vestibule of Hell.
             The game lasted 01:39:04 (25713 turns).

Amnesiac the Hand of Fortune (VSFi)                Turns: 25713, Time: 01:39:04

Health: -2/98      AC: 30    Str: 32    XL:     18   Next: 24%
Magic:  0/40       EV: 16    Int:  8    God:    Nemelex Xobeh [******]
Gold:   2666       SH: 15    Dex: 20    Spells: 2 memorised, 11 levels left

rFire  + + .     SeeInvis .     m - +6 rod of clouds (6/12)
rCold  + . .     Gourm    .     L - +6 plate armour {rF+}
rNeg   + . .     Faith    +     c - +0 shield
rPois  +         Spirit   +     C - -2 hat of the Alchemist {rElec rPois rF+ rC+ rN+ MR+ rMut rCorr}
rElec  +         Dismiss  .     x - +2 cloak
rCorr  +         Reflect  .     r - +0 pair of gloves of Paeschetwo {-Cast Str+5 Dex+6}
rMut   +         Harm     .     D - +0 pair of boots
SustAt .         Clarity  +     T - amulet of faith
MR     +++..     NoCast   +     G - +5 ring of protection
Stlth  ..........               M - ring of magical power

@: about to teleport, flying, invisible, extremely resistant to hostile
enchantments, extremely unstealthy
A: fangs 3, blink, clarity, poison resistance, regeneration 3, electricity
resistance, magic shield, antimagic bite, no device heal 3, rot immunity
a: Blink, Triple Draw, Deal Four, Stack Five, Renounce Religion


You were in the Vestibule of Hell.
You worshipped Nemelex Xobeh.
Nemelex Xobeh was exalted by your worship.
You were very hungry.

You visited 6 branches of the dungeon, and saw 23 of its levels.
You also visited: Sewer, Bailey and Ice Cave.

You collected 3209 gold pieces.
You spent 543 gold pieces at shops.

Inventory:

Hand Weapons
 a - the +6 dagger of War {speed, *Noise rPois Str+4}
   (You found it on level 11 of the Dungeon)

   Attacks with this weapon are significantly faster.
   It affects your strength (+4).
   It protects you from poison.
   It may make noises in combat.
 w - a +1 blowgun of evasion
Missiles
 h - 7 curare-tipped needles
 q - 2 throwing nets (quivered)
Armour
 c - a +0 shield (worn)
 r - the +0 pair of gloves of Paeschetwo (worn) {-Cast Str+5 Dex+6}
   (You found it on level 2 of the Elven Halls)

   It affects your strength (+5).
   It affects your dexterity (+6).
   It prevents spellcasting.
 x - a +2 cloak (worn)
 C - the -2 hat of the Alchemist (worn) {rElec rPois rF+ rC+ rN+ MR+ rMut rCorr}
   (You found it on level 2 of the Elven Halls)

   It protects you from fire.
   It protects you from cold.
   It insulates you from electricity.
   It protects you from poison.
   It protects you from negative energy.
   It affects your resistance to hostile enchantments.
   It protects you from acid and corrosion.
   It protects you from mutation.
 D - a +0 pair of boots (worn)
 L - a +6 plate armour of fire resistance (worn)
Rods
 b - a +5 iron rod (4/16)
   (You found it on level 12 of the Dungeon)
 m - a +6 rod of clouds (6/12) (in hand)
   (You took it off a deep elf annihilator on level 3 of the Elven Halls)
 t - a +2 rod of clouds (11/11)
   (You took it off a deep elf high priest on level 3 of the Elven Halls)
Jewellery
 G - a +5 ring of protection (right hand)
 M - a ring of magical power (left hand)
 T - an amulet of faith (around neck)
Wands
 i - a wand of digging (11/24)
 N - a wand of teleportation (8/9)
Scrolls
 e - 9 scrolls of remove curse {!r}
 u - 2 scrolls of fear {!r}
 y - a scroll of magic mapping {!r}
 H - 4 scrolls of teleportation {!r}
 U - a scroll of identify {!r}
 X - a scroll of brand weapon {!r}
 Y - 7 scrolls of enchant weapon {!r}
Potions
 d - 3 potions of might {!q}
 j - 2 potions of haste {!q}
 A - a potion of cure mutation {!q}
 E - 2 potions of flight {!q}
 I - 4 potions of curing {!q}
 J - a potion of invisibility {!q}
 K - 3 potions of cancellation {!q}
 O - a potion of resistance {!q}
 W - a potion of agility {!q}
Miscellaneous
 g - an ornate deck of escape {drawn: 1}
 k - a legendary deck of destruction
 n - a phial of floods (inert)
 p - a fan of gales
 v - a crystal ball of energy
 z - a legendary deck of escape {the Tomb, left: 5}
 R - a sack of spiders
 S - an ornate deck of escape {Swap}
 V - a legendary deck of war {drawn: 1}
Comestibles
 f - 14 bread rations
 o - 11 meat rations
 s - 9 chunks of flesh


   Skills:
 + Level 12.1 Fighting
 - Level 8.0 Short Blades
 + Level 11.0 Armour
 + Level 10.9 Dodging
 - Level 8.0 Stealth
 + Level 12.1 Shields
 - Level 16.0 Evocations


You had 11 spell levels left.
You knew the following spells:

 Your Spells              Type           Power        Failure   Level  Hunger
a - Passage of Golubria   Tloc           N/A          100%        4    #####..
b - Passwall              Trmt/Erth      #.........   100%        2    ###....


Dungeon Overview and Level Annotations

Branches:
Dungeon (15/15)            Temple (1/1) D:6            Lair (0/8) D:10
    Orc (2/2) D:10            Elf (3/3) Orc:2        Vaults (0/5) D:13
 Depths (1/5) D:15           Hell (1/1)
    Dis: Hell:1         Geh: Hell:1         Coc: Hell:1         Tar: Hell:1

Altars:
Ashenzari
Cheibriados
Dithmenos
Elyvilon
Fedhas
Gozag
Kikubaaqudgha
Makhleb
Nemelex Xobeh
Okawaru
Pakellas
Qazlal
Ru
Sif Muna
Trog
Vehumet
Xom
Yredelemnul
Zin
The Shining One
Beogh

Shops:
Orc:1 :   Orc:2 **!

Portals:
Hell: Depths:1
Trove: Depths:1 (give 21 scrolls of identify)

Annotations:
Hell Geryon


Innate Abilities, Weirdness & Mutations

You have razor-sharp teeth.
You regenerate.
When hurt, damage is shared between your health and your magic reserves.
Your bite disrupts and absorbs the magic of your enemies.
Potions and wands cannot restore your health.
You are immune to rotting.
You can translocate small distances at will.
You possess an exceptional clarity of mind.
Your system is resistant to poisons.
You are resistant to electric shocks.


Message History

Press: ? - help, Shift-Dir - straight line, f/p - Geryon
Aim: Geryon (heavily wounded)
The burst of metal fragments hits Geryon. x11
Geryon is heavily wounded.
You block the blizzard demon's attack. The blizzard demon barely misses you.
The hell beast completely misses you. The hell beast tramples you!
You hold your ground!
Geryon tail-slaps you! The hell beast closely misses you.
The hell beast barely misses you.
An ice devil comes into view.
Wield which item (- for none, * to show all)? (? for menu, Esc to quit)
m - a +6 rod of clouds (12/12) (in hand)
The hell beast growls, "Give up, thou wayward dread-bolted malt-worm!"
The hell beast misses you. You block the hell beast's attack.
The blizzard demon waves its arms in wide circles.
The air twists around and violently strikes you in flight!
* * * LOW HITPOINT WARNING * * *
The hell beast bites you but does no damage.
The hell beast tramples you!
* * * LOW HITPOINT WARNING * * *
You hold your ground!
You block Geryon's attack. You block the reaper's attack.
Aiming: Cloud Cone
Press: ? - help, Dir - move target cursor, f/p - Geryon
Aim: Geryon (heavily wounded)
You create a blast of poison gas!
You are feeling very hungry.
The hell beast dies!
You block the war gargoyle's attack.
The hell beast bites you but does no damage.
You block the hell beast's attack. The blizzard demon barely misses you.
The blizzard demon hits you but does no damage.
Geryon is poisoned.
Geryon tail-slaps you but does no damage.
A sun demon and a zombie come into view.
Read which item? (? for menu, Esc to quit)
Really read
H - 5 scrolls of teleportation {!r}?
As you read the scroll of teleportation {!r}, it crumbles to dust.
You feel strangely unstable. The hell beast bites you!
* * * LOW HITPOINT WARNING * * *
The hell beast tramples you but does no damage.
The war gargoyle hits you with a dire flail!
* * * LOW HITPOINT WARNING * * *
You block the reaper's attack.
The blizzard demon waves its arms in wide circles.
The air twists around and violently strikes you in flight!
The hell beast bites you.
* * * LOW HITPOINT WARNING * * *
You block the hell beast's attack.
Geryon looks even sicker.
Geryon falters for a moment.
The fire giant zombie hits your water elemental!
A hell knight comes into view. It is wielding a scimitar of flaming.
Drink which item? (? for menu, Esc to quit)
Okay, then.
Drink which item? (? for menu, Esc to quit)
Really quaff
J - 2 potions of invisibility {!q}?
You fade into invisibility!
The war gargoyle hits you but does no damage.
The hell beast bites you but does no damage.
The hell beast completely misses you.
Your water elemental engulfs the sun demon in water!
The blizzard demon hits you but does no damage.
You block the blizzard demon's attack. You block the war gargoyle's attack.
The reaper hits you with a scythe of flaming!!
You die...
Your body disappears without a glow.

##..#..##
##...#...##
##....#....##
##.#.......#.##
##...∩.........#
##.......#≈......
........*≈Z....Z..
...###..#2E2#§§###
...p....24@3&§4§..
. #.....29#24§§§..
##.......4..§§.#
##.#....3..#.##
##..34#....##
##...#...##
##..#..## ##. .##


You could see Geryon, a hell beast, 2 reapers, a blizzard demon, a hell knight,
a soul eater, 2 sun demons, a war gargoyle, an ice devil, 4 rust devils, a
hellion, a lost soul, an alligator zombie, a fire giant zombie and a friendly
water elemental.

Vanquished Creatures
  Jorgrun (Depths:1)
  Rupert (D:14)
  3 deep elf blademasters
  2 deep elf master archers (Elf:3)
  Agnes (D:14)
  A fire giant (Depths:1)
  A frost giant (D:15)
  5 deep elf sorcerers (Elf:3)
  2 deep elf elementalists (Elf:3)
  2 very ugly things (Depths:1)
  3 stone giants
  6 deep elf demonologists
  A salamander stormcaller (D:15)
  9 deep elf annihilators
  A spark wasp (shapeshifter) (Depths:1)
  2 vault guards (D:13)
  4 ettins
  3 deep elf death magi (Elf:3)
  Snorg (D:14)
  The ghost of Amnesiac the Grand Gadgeteer, a journeyman MfFi of Pakellas (D:13)
  2 great orbs of eyes
  3 deep elf high priests (Elf:3)
  An entropy weaver (Depths:1)
  5 centaur warriors
  The ghost of Amnesiac the Fetichist, a journeyman MfFi of the Shining One (Orc:2)
  A catoblepas (D:15)
  28 dancing weapons
  An orc high priest (Orc:2)
  Sonja (D:15)
  15 deep elf knights
  Nergalle (D:12)
  A skeletal warrior (D:15)
  A spark wasp zombie (D:15)
  An unseen horror (D:15)
  22 deep elf archers
  8 orc knights
  7 hill giants
  The ghost of magog001 the Blocker, a novice MiFi (Bailey)
  A phantasmal warrior (D:15)
  2 necromancers
  60 deep elf magi
  2 wizards
  3 orc sorcerers
  A wolf spider (D:13)
  7 ugly things
  A hornet (shapeshifter) (D:14)
  6 manticores
  A stone giant zombie (D:15)
  7 cyclopes
  A griffon (D:13)
  A black mamba (shapeshifter) (D:13)
  Maurice (D:10)
  3 centaur skeletons (D:15)
  A guardian serpent (D:10)
  An ice statue (IceCv)
  3 freezing wraiths (D:14)
  A rime drake (shapeshifter) (Elf:3)
  An efreet (D:15)
  2 komodo dragons
  3 ice devils (IceCv)
  A guardian mummy (D:15)
  6 trolls
  A yaktaur skeleton (D:15)
  A harpy skeleton (D:15)
  A hornet zombie (D:15)
  2 two-headed ogres
  A raiju (Elf:1)
  3 slime creatures (Depths:1)
  3 shadows
  An ettin zombie (D:15)
  2 wyverns
  3 water elementals
  4 air elementals
  14 yaks
  Sigmund (D:3)
  2 redbacks (Depths:1)
  A spriggan (shapeshifter) (D:15)
  2 fire elementals (Elf:1)
  Grum (D:8)
  22 humans
  7 hippogriffs
  Menkaure (D:4)
  A hungry ghost (D:10)
  7 vampire mosquitoes
  9 wargs
  The ghost of Amnesiac the Covered, an amateur DEFi (D:3)
  Edmund (D:4)
  A soldier ant (D:15)
  3 sky beasts
  52 orc warriors
  5 ice beasts
  A black bear (D:6)
  2 eyes of draining
  7 centaurs
  A phantom (D:6)
  4 wolves (D:8)
  5 boggarts (Depths:1)
  11 ogres
  A centaur (shapeshifter) (Depths:1)
  19 big kobolds
  12 giant frogs
  2 gnoll sergeants
  2 earth elementals
  A wyvern skeleton (D:11)
  2 scorpions
  11 killer bees
  A wight (D:7)
  7 howler monkeys
  9 crimson imps
  5 giant frog zombies
  2 quasits (D:9)
  4 centaur zombies
  3 draconian simulacra (IceCv)
  2 hounds (D:4)
  6 jellies
  11 orc priests
  2 giant frog skeletons
  27 orc wizards
  2 iguanas
  3 lightning spires (Elf:1)
  6 worker ants
  A troll simulacrum (IceCv)
  12 sheep
  4 centaur simulacra (IceCv)
  2 hound zombies
  A worker ant zombie (D:7)
  12 gnolls
  A river rat (D:10)
  15 adders
  2 ogre simulacra (IceCv)
  2 shadow imps
  3 oozes
  An adder zombie (D:8)
  2 adder skeletons (D:5)
  A worm (D:3)
  3 dart slugs
  5 giant geckos
  109 orcs
  2 ball pythons
  14 bats
  9 giant cockroaches
  10 goblins
  6 hobgoblins
  15 jackals
  4 quokkas
  A giant gecko skeleton (D:6)
  14 giant newts
  A jackal skeleton (D:6)
  36 kobolds
  A kobold skeleton (D:5)
  16 rats
  2 crawling corpses (Elf:3)
  2 fungi
899 creatures vanquished.

Vanquished Creatures (collateral kills)
  Frances (D:14)
  The ghost of Amnesiac the Grand Gadgeteer, a journeyman VSFi of Pakellas (Elf:2)
  The ghost of magog001 the Blocker, a journeyman MiFi of Nemelex Xobeh (IceCv)
  2 dancing weapons
  A shock serpent (Elf:1)
  A deep elf knight (Elf:2)
  A deep elf mage (Elf:1)
  An ice statue (IceCv)
  3 ice devils (IceCv)
  An air elemental (Elf:1)
  A mottled dragon (D:14)
  2 orc warriors
  4 sky beasts (Elf:1)
  10 orcs
30 creatures vanquished.

Vanquished Creatures (others)
  A deep elf knight (Elf:3)
  A fire elemental (Elf:1)
  A ball lightning (Elf:1)
  3 fungi (D:10)
  11 withered plants (D:15)
17 creatures vanquished.

Grand Total: 946 creatures vanquished

Notes
Turn   | Place    | Note
--------------------------------------------------------------
     0 | D:1      | Amnesiac the Vine Stalker Fighter began the quest for the Orb.
     0 | D:1      | Reached XP level 1. HP: 11/11 MP: 2/2
    72 | D:1      | Reached XP level 2. HP: 16/16 MP: 3/3
   202 | D:2      | Found a sparkling altar of Nemelex Xobeh.
   249 | D:2      | Became a worshipper of Nemelex Xobeh the Trickster
   415 | D:1      | Received a gift from Nemelex Xobeh
   564 | D:1      | Reached XP level 3. HP: 15/19 MP: 4/4
   858 | D:2      | Found a glowing golden altar of the Shining One.
   911 | D:2      | Found a bloodstained altar of Trog.
  1053 | D:2      | Reached XP level 4. HP: 23/23 MP: 5/5
  1352 | D:2      | Reached * piety under Nemelex Xobeh
  1400 | D:2      | Found a faded altar to an unknown god.
  1769 | D:3      | Noticed Amnesiac's ghost (amateur DEFi)
  1790 | D:3      | Found a shadowy altar of Dithmenos.
  1888 | D:3      | Killed Amnesiac's ghost
  1888 | D:3      | Reached skill level 5 in Short Blades
  1888 | D:3      | Reached XP level 5. HP: 4/27 MP: 6/6
  1955 | D:3      | Found a radiant altar of Vehumet.
  1980 | D:3      | Found a snail-covered altar of Cheibriados.
  2036 | D:3      | Received a gift from Nemelex Xobeh
  2201 | D:3      | Noticed Sigmund
  2225 | D:3      | Killed Sigmund
  2225 | D:3      | Gained mutation: You heal very quickly. [Vine Stalker growth]
  2225 | D:3      | Reached XP level 6. HP: 12/32 MP: 4/7
  2333 | D:3      | Found an opulent altar of Gozag.
  2493 | D:4      | Reached ** piety under Nemelex Xobeh
  2581 | D:4      | Reached XP level 7. HP: 35/35 MP: 8/8
  2582 | D:4      | Received a gift from Nemelex Xobeh
  2608 | D:4      | Noticed Edmund
  2629 | D:4      | Killed Edmund
  2721 | D:4      | Noticed Menkaure
  2742 | D:4      | Killed Menkaure
  2870 | D:4      | Reached skill level 1 in Dodging
  2870 | D:4      | Gained mutation: You have razor-sharp teeth. [Vine Stalker growth]
  2870 | D:4      | Reached XP level 8. HP: 22/39 MP: 9/9
  3373 | D:5      | Entered Level 5 of the Dungeon
  3409 | D:5      | Reached *** piety under Nemelex Xobeh
  3444 | D:5      | Found a runed door.
  3448 | D:5      | Found a basalt altar of Yredelemnul.
  3461 | D:5      | Reached skill level 2 in Evocations
  3746 | D:5      | Reached skill level 3 in Evocations
  4087 | D:5      | Reached skill level 4 in Evocations
  4233 | D:6      | Gained mutation: You possess an exceptional clarity of mind. [mutagenic meat]
  4234 | D:6      | Gained mutation: Your spells are a little harder to cast, but a little more powerful. [mutagenic meat]
  4235 | D:6      | Gained mutation: You are resistant to electric shocks. [mutagenic meat]
  4236 | D:6      | Gained mutation: Your system is resistant to poisons. [mutagenic meat]
  4237 | D:6      | Lost mutation: Your spells are a little harder to cast, but a little more powerful. [mutagenic meat]
  4245 | D:6      | Found a burning altar of Makhleb.
  4270 | D:6      | Reached skill level 5 in Evocations
  4346 | D:6      | Reached XP level 9. HP: 40/43 MP: 14/14
  4390 | D:6      | Found a shimmering altar of Xom.
  4393 | D:6      | Found a white marble altar of Elyvilon.
  4400 | D:6      | Found a stormy altar of Qazlal.
  4402 | D:6      | Found a basalt altar of Yredelemnul.
  4496 | D:6      | Reached **** piety under Nemelex Xobeh
  4512 | D:6      | Reached skill level 6 in Evocations
  4778 | D:6      | Found a staircase to the Ecumenical Temple.
  4857 | D:6      | Found a glowing drain.
  4862 | Sewer    | Entered a sewer
  5098 | Sewer    | Reached skill level 7 in Evocations
  5491 | D:6      | Received a gift from Nemelex Xobeh
  5539 | Temple   | Entered the Ecumenical Temple
  5767 | D:7      | Got a fine granite ring
  5772 | D:7      | Identified the ring "Mith" {rElec rC+} (You found it on level 7 of the Dungeon)
  5802 | D:7      | Reached skill level 8 in Evocations
  5967 | D:7      | Received a gift from Nemelex Xobeh
  6150 | D:7      | Reached skill level 9 in Evocations
  6466 | D:8      | You fall through a shaft for 3 floors!
  6500 | D:10     | Entered Level 10 of the Dungeon
  6500 | D:10     | Reached ***** piety under Nemelex Xobeh
  6500 | D:10     | Received a gift from Nemelex Xobeh
  6520 | D:11     | Reached XP level 10. HP: 31/47 MP: 18/18
  6622 | D:10     | Reached skill level 10 in Evocations
  7107 | D:8      | Found a blossoming altar of Fedhas.
  7121 | D:8      | Found a bloodstained altar of Trog.
  7140 | D:8      | Noticed Grum
  7196 | D:8      | Killed Grum
  7346 | D:8      | Reached skill level 11 in Evocations
  7382 | D:9      | Received a gift from Nemelex Xobeh
  7395 | D:9      | Reached skill level 1 in Stealth
  7405 | D:9      | Found a stormy altar of Qazlal.
  8148 | D:9      | Received a gift from Nemelex Xobeh
  8300 | D:9      | Reached skill level 5 in Stealth
  8304 | D:10     | Noticed a hill giant
  8330 | D:9      | Killed a hill giant
  8535 | D:10     | Reached XP level 11. HP: 49/51 MP: 20/20
  8785 | D:10     | Learned a level 2 spell: Passwall
  8791 | D:10     | Learned a level 4 spell: Passage of Golubria
  9012 | D:10     | Found a staircase to the Lair.
  9158 | D:10     | Noticed Maurice
  9177 | D:10     | Killed Maurice
  9177 | D:10     | Reached skill level 12 in Evocations
  9280 | D:10     | Noticed a cyclops
  9382 | D:10     | Killed a cyclops
  9639 | D:10     | Found a staircase to the Orcish Mines.
  9779 | Orc:1    | Entered Level 1 of the Orcish Mines
  9779 | Orc:1    | Received a gift from Nemelex Xobeh
 10022 | Orc:1    | Found Favegi's Book Shop.
 10047 | Orc:1    | Found a flagged portal.
 10077 | Bailey   | Entered a bailey
 10153 | Bailey   | Noticed magog001's ghost (novice MiFi)
 10255 | Bailey   | Noticed an orc knight
 10278 | Bailey   | Killed magog001's ghost
 10300 | Bailey   | Killed an orc knight
 10300 | Bailey   | Reached skill level 13 in Evocations
 10657 | Orc:1    | Noticed a stone giant
 10668 | Orc:1    | Killed a stone giant
 10785 | Orc:1    | Gained mutation: You regenerate. [Vine Stalker growth]
 10785 | Orc:1    | Reached XP level 12. HP: 48/56 MP: 23/23
 11018 | Orc:2    | Entered Level 2 of the Orcish Mines
 11018 | Orc:2    | Received a gift from Nemelex Xobeh
 11226 | Orc:2    | Found a staircase to the Elven Halls.
 11273 | Orc:2    | Reached skill level 14 in Evocations
 11373 | Orc:2    | Noticed an orc high priest
 11447 | Orc:2    | Killed an orc high priest
 11464 | Orc:2    | Noticed Amnesiac's ghost (journeyman MfFi)
 11501 | Orc:2    | Killed Amnesiac's ghost
 11531 | Orc:2    | Received a gift from Nemelex Xobeh
 11697 | Orc:2    | Reached skill level 15 in Evocations
 11886 | Orc:2    | Found Dalinwe's General Store.
 11886 | Orc:2    | Found Elaom's Gadget Shoppe.
 11955 | Orc:2    | Found a roughly hewn altar of Beogh.
 11984 | Orc:2    | Found Jythu's General Store.
 11984 | Orc:2    | Found Houvosch's Distillery.
 12015 | Orc:2    | Bought a potion of haste for 100 gold pieces
 12222 | Orc:2    | Reached XP level 13. HP: 50/59 MP: 25/25
 12382 | Orc:2    | Bought a scroll of magic mapping for 52 gold pieces
 12382 | Orc:2    | Bought a potion of berserk rage for 75 gold pieces
 12391 | Orc:2    | Bought a potion of cure mutation for 250 gold pieces
 12422 | Orc:2    | Bought 2 potions of lignification for 66 gold pieces
 12740 | D:11     | Reached skill level 5 in Dodging
 12790 | D:11     | Got an ichor-stained dagger
 12791 | D:11     | Identified the +6 dagger of War {speed, *Noise rPois Str+4} (You found it on level 11 of the Dungeon)
 12858 | D:11     | Reached ****** piety under Nemelex Xobeh
 12909 | D:11     | Reached skill level 5 in Armour
 13081 | D:11     | Received a gift from Nemelex Xobeh
 13817 | D:12     | Received a gift from Nemelex Xobeh
 14013 | D:12     | Noticed Nergalle
 14186 | D:12     | Received a gift from Nemelex Xobeh
 14318 | D:12     | Reached skill level 5 in Shields
 14529 | D:12     | Killed Nergalle
 14676 | D:13     | Noticed Amnesiac's ghost (journeyman MfFi)
 14679 | D:13     | Gained mutation: You can translocate small distances at will. [potion of beneficial mutation]
 14728 | D:13     | Killed Amnesiac's ghost
 15156 | D:13     | Reached skill level 5 in Fighting
 15191 | D:13     | Noticed a vault guard
 15193 | D:13     | Noticed a vault guard
 15245 | D:13     | Killed a vault guard
 15245 | D:13     | Reached XP level 14. HP: 61/69 MP: 26/26
 15429 | D:13     | Found a gate to the Vaults.
 15528 | D:13     | Received a gift from Nemelex Xobeh
 16062 | D:14     | Received a gift from Nemelex Xobeh
 16223 | D:14     | Noticed Frances
 16256 | D:14     | Killed Frances
 16525 | D:14     | Received a gift from Nemelex Xobeh
 16532 | D:14     | Found a frozen archway.
 16565 | IceCv    | Entered an ice cave
 16574 | IceCv    | Noticed magog001's ghost (journeyman MiFi)
 16626 | IceCv    | Killed magog001's ghost
 17043 | D:14     | Noticed Snorg
 17057 | D:14     | Killed Snorg
 17164 | D:14     | Noticed Rupert
 17186 | D:14     | Killed Rupert
 17273 | D:14     | Noticed Agnes
 17323 | D:14     | Killed Agnes
 17325 | D:14     | Got a twisted robe
 17607 | D:15     | Entered Level 15 of the Dungeon
 17669 | D:15     | Identified the +1 robe "Laus" {+Blink rElec Str+7 Slay-5} (You took it off Agnes on level 14 of the Dungeon)
 17672 | D:15     | Noticed a salamander stormcaller
 17701 | D:15     | Killed a salamander stormcaller
 17739 | D:15     | Noticed Sonja
 17841 | D:15     | Killed Sonja
 18003 | D:15     | Reached XP level 15. HP: 68/77 MP: 27/27
 18112 | D:15     | Received a gift from Nemelex Xobeh
 18188 | D:15     | Reached skill level 16 in Evocations
 18455 | D:15     | Found a staircase to the Depths.
 18813 | Elf:1    | Entered Level 1 of the Elven Halls
 18848 | Elf:1    | Received a gift from Nemelex Xobeh
 19018 | Elf:1    | Noticed an Ice Fiend
 20047 | Elf:1    | HP: 1/79 [deep elf archer/arrow (6)]
 20259 | Elf:1    | Identified the Almanac of Cheese
 20532 | Elf:1    | Received a gift from Nemelex Xobeh
 20756 | Elf:2    | Got a pair of heavily runed gloves
 20767 | Elf:2    | Identified the cursed +0 pair of gloves of Paeschetwo {-Cast Str+5 Dex+6} (You found it on level 2 of the Elven Halls)
 20794 | Elf:2    | Reached XP level 16. HP: 84/84 MP: 29/29
 21005 | Elf:2    | Found a runed gate.
 21005 | Elf:2    | Found a runed gate.
 21005 | Elf:2    | Found a runed gate.
 21131 | Elf:2    | Received a gift from Nemelex Xobeh
 21486 | Elf:2    | Reached skill level 10 in Shields
 21516 | Elf:2    | Noticed a deep elf blademaster
 21590 | Elf:2    | Killed a deep elf blademaster
 21600 | Elf:2    | Reached skill level 10 in Fighting
 21606 | Elf:2    | Noticed Amnesiac's ghost (journeyman VSFi)
 21729 | Elf:2    | Killed Amnesiac's ghost
 22299 | Elf:2    | Received a gift from Nemelex Xobeh
 22540 | Elf:3    | Entered Level 3 of the Elven Halls
 22949 | Elf:3    | Noticed a deep elf blademaster
 22950 | Elf:3    | Noticed a deep elf master archer
 22996 | Elf:3    | Killed a deep elf blademaster
 22996 | Elf:3    | Reached XP level 17. HP: 82/90 MP: 30/30
 23028 | Elf:3    | Killed a deep elf master archer
 23066 | Elf:3    | Noticed a deep elf master archer
 23120 | Elf:3    | Killed a deep elf master archer
 23141 | Elf:3    | Reached skill level 10 in Armour
 23267 | Elf:3    | Got a slimy bronze ring
 23268 | Elf:3    | Identified a +6 rod of clouds (9/12) (You took it off a deep elf annihilator on level 3 of the Elven Halls)
 23298 | Elf:3    | Reached skill level 10 in Dodging
 23345 | Elf:3    | Noticed an Executioner
 23405 | Elf:3    | Got a polished bardiche {freeze}
 23478 | Elf:3    | Identified the ring "Uxixt" {MR+ Int+4} (You took it off a deep elf annihilator on level 3 of the Elven Halls)
 23501 | Elf:3    | Noticed a deep elf blademaster
 23541 | Elf:3    | Killed a deep elf blademaster
 23572 | Elf:3    | Got a faintly glowing executioner's axe {holy}
 23594 | Elf:3    | Got a pitted leather armour
 23594 | Elf:3    | Got a faintly humming chain mail
 23691 | Elf:3    | Identified the +1 chain mail of Misanthropy {rElec rPois rCorr Int-5} (You took it off a deep elf blademaster on level 3 of the Elven Halls)
 23701 | Elf:3    | Identified the +3 leather armour of the Alphagorgon {rF+ MR+ Dex-5} (You took it off a deep elf sorcerer on level 3 of the Elven Halls)
 23724 | Elf:3    | Got a slimy flail
 23725 | Elf:3    | Identified the cursed +3 flail of Sevoni Opal {crush, Dex+4} (You found it on level 3 of the Elven Halls)
 23914 | Elf:3    | Got an ichor-stained spear
 23918 | Elf:3    | Got a pair of dazzling gloves
 23931 | Elf:3    | Identified the +0 pair of gloves of Circular Logic {-Cast rElec Str+7} (You found it on level 3 of the Elven Halls)
 23993 | Elf:3    | Got an amethyst-encrusted plate armour
 24004 | Elf:3    | Identified the +5 plate armour of Lasef {+Blink Dex+4} (You found it on level 3 of the Elven Halls)
 24022 | Elf:3    | Got a shimmering quicksilver dragon armour
 24033 | Elf:3    | Identified the quicksilver dragon armour "Xaarapte" {MR+ Str+9 Dex-2 SInv} (You found it on level 3 of the Elven Halls)
 24181 | Elf:3    | Received a gift from Nemelex Xobeh
 24276 | Elf:3    | Identified a +2 rod of clouds (11/11) (You took it off a deep elf high priest on level 3 of the Elven Halls)
 24831 | Depths:1 | Entered Level 1 of the Depths
 25015 | Depths:1 | Reached XP level 18. HP: 79/98 MP: 31/31
 25087 | Depths:1 | Received a gift from Nemelex Xobeh
 25113 | Depths:1 | Noticed Jorgrun
 25145 | Depths:1 | Killed Jorgrun
 25461 | Depths:1 | Found a portal to a secret trove of treasure.
 25643 | Depths:1 | Received a gift from Nemelex Xobeh
 25684 | Depths:1 | Found a gateway to Hell.
 25690 | Hell     | Entered the Vestibule of Hell
 25690 | Hell     | Noticed Geryon
 25713 | Hell     | Slain by a reaper

Skill      XL: |  1  2  3  4  5  6  7  8  9 10 11 12 13 14 15 16 17 18 |
---------------+-------------------------------------------------------+-----
Short Blades   | 2 3 5 6 8 |  8.0
Dodging        | 1 2 3 5 7 8 9 10 | 10.9
Evocations     | 5 9 11 13 15 16 | 16.0
Stealth        | 7 8 |  8.0
Armour         | 3 5 6 8 9 10 11 | 11.0
Shields        | 7 9 10 11 12 | 12.1
Fighting       | 5 7 9 10 11 12 | 12.1

Action                   |  1- 3 |  4- 6 |  7- 9 | 10-12 | 13-15 | 16-18 || total
-------------------------+-------+-------+-------+-------+-------+-------++-------
Melee: Rapier            |    21 |       |       |       |       |       ||    21
       Bite              |    23 |    54 |   231 |   469 |  1119 |   670 ||  2566
       Dagger            |    65 |   156 |   568 |  1252 |  2369 |  1278 ||  5688
Throw: Throwing net      |       |       |       |       |     2 |       ||     2
Invok: Stack Five        |       |       |       |       |     1 |       ||     1
Evoke: Deck              |       |       |     6 |    11 |    38 |    19 ||    74
       Wand              |       |       |       |    83 |     1 |    16 ||   100
       Rod               |       |       |       |       |       |     9 ||     9
       Phial of floods   |       |       |       |       |       |     3 ||     3
  Use: Scroll            |       |       |     5 |    21 |    21 |     8 ||    55
       Potion            |       |       |       |     2 |     1 |     3 ||     6
 Stab: Confused          |       |       |       |    12 |       |     2 ||    14
       Sleeping          |       |       |       |     8 |       |       ||     8
       Paralysed         |       |       |       |     3 |       |       ||     3
       Distracted        |       |       |       |       |     1 |       ||     1
  Eat: Chunk             |       |     5 |    19 |    24 |    29 |    19 ||    96
Armor: Scale mail        |    25 |    54 |    32 |       |       |       ||   111
       Ring mail         |       |       |    92 |   288 |       |       ||   380
       Plate armour      |       |       |       |   160 |   621 |   301 ||  1082
Dodge: Dodged            |    24 |    34 |   120 |   309 |   309 |   292 ||  1088
Block: Shield            |    33 |    45 |   199 |   506 |   694 |   518 ||  1995
